 Dungeon Crawl Stone Soup version 0.27-a0-1525-g1038ab4fd7 (webtiles) character file.

Game seed: 9182731193270784585

837 Demosthentine the Poker (level 7, 0/50 (56) HPs)
             Began as a Merfolk Gladiator on July 11, 2021.
             Slain by a wight (9 damage)
             ... on level 5 of the Dungeon.
             The game lasted 00:05:27 (7566 turns).

Demosthentine the Poker (Merfolk Gladiator)         Turns: 7566, Time: 00:05:27

HP:   0/50 (56)     AC:  5    Str: 16    XL:     7   Next: 99%
MP:   7/7           EV: 15    Int:  7    God:
Gold: 62            SH:  0    Dex: 16    Spells: 6/6 levels left

rFire    . . .     SeeInvis .   a - +0 trident
rCold    . . .     Faith    .   (no shield)
rNeg     . . .     Spirit   .   b - +0 leather armour
rPois    .         Reflect  .   c - +1 helmet
rElec    .         Harm     .   (no cloak)
rCorr    .         Rampage  .   (no gloves)
Will     .....                  (no boots)
Stlth    +.........             (no amulet)
HPRegen  0.16/turn              (no ring)
MPRegen  0.10/turn              (no ring)

@: heavily drained
A: (nimble swimmer 2), mertail
a: no special abilities


You were on level 5 of the Dungeon.
You visited 1 branch of the dungeon, and saw 6 of its levels.

You collected 137 gold pieces.
You spent 75 gold pieces at shops.

Inventory:

Hand Weapons
 a - a +0 trident (weapon)
Missiles
 j - 4 atropa-tipped darts (quivered)
Armour
 b - a +0 leather armour (worn)
 c - a +1 helmet (worn)
Wands
 o - a wand of acid (9)
Scrolls
 d - a scroll of blinking
 e - a scroll of magic mapping
 g - a scroll of amnesia
 h - 2 scrolls of enchant armour
 k - a scroll of noise {unknown}
 m - 2 scrolls of teleportation
 q - a scroll of identify
Potions
 i - a potion of resistance {unknown}
 l - a potion of brilliance {unknown}
 n - a potion of attraction {unknown}
 p - a potion of might {unknown}


   Skills:
 + Level 5.2 Fighting
 + Level 7.6 Polearms
 - Level 2.0 Throwing
 + Level 3.0 Armour
 + Level 6.9 Dodging


You had 6 spell levels left.
You didn't know any spells.
Your spell library contained the following spells:

 Spells                   Type           Power      Damage    Failure   Level
 Blade Hands              Tmut           0%         N/A       100%        5
 Irradiate                Conj/Tmut      0%         3d13      100%        5
 Dragon Form              Tmut           0%         N/A       100%        7


Dungeon Overview and Level Annotations

Branches:
Dungeon (6/15)
 Temple: D:4-7

Altars:
Ashenzari
Qazlal

Shops:
D:3 *


Innate Abilities, Weirdness & Mutations

((You are quick and stealthy near water. (Stealth+, EV+, Speed+++)))
Your lower body shifts to a powerful aquatic tail in water.


Message History

The wight barely misses you.
The wight hits you with a +4 war axe of freezing!
The wight freezes you.
The wight hits you from afar with a +0 trident!
You feel drained.
You barely miss the wight.
The wight hits you with a +0 dire flail!
The wight completely misses you.
You are too injured to fight recklessly!
You hit the wight.
The wight is lightly damaged.
The wight hits you with a +0 dire flail.
You closely miss the wight.
The wight is lightly damaged.
The wight misses you.
You closely miss the wight.
The wight is lightly damaged.
The wight barely misses you. The wight barely misses you.
There is a stone staircase leading up here.
The wight completely misses you.
You climb upwards.
There is a stone staircase leading down here.
You hit the wight but do no damage.
The wight is lightly damaged.
The wight hits you with a +0 dire flail!
You feel drained.
* * * LOW HITPOINT WARNING * * *
You barely miss the wight.
The wight is lightly damaged.
The wight hits you with a +0 dire flail.
* * * LOW HITPOINT WARNING * * *
You feel drained.
* * * LOW HITPOINT WARNING * * *
You hit the wight but do no damage.
The wight is lightly damaged.
You hit the wight.
The wight is lightly damaged.
The wight hits you with a +0 dire flail!
You die...

#....#........#..........
#....#........#..........
#####...#........#..........
##..##...#..^.###.###........
#........#....#°...§#.####...
#........#....#.....######...
######'###...#......._...........
#..#....##...#...z#.....#........
#.......#....#..@.#☼...☼#........
#.......##...##...###.###........
#.......##...##..................
#.......'............##...##.....
#'###...##...........##...##.....
#..###'###............#...#......
#..#....#.............#...#......
#..'....#.>...........#...#......
#+###...#.............#...#......


You could see a wight.

Vanquished Creatures
  An ice beast (D:4)
  A hornet zombie (D:5)
  A sky beast (D:6)
  Blork the orc (D:5)
  A scorpion (D:6)
  A centaur zombie (D:5)
  3 hounds
  An orc priest (D:4)
  An iguana (D:6)
  2 orc wizards (D:4)
  A killer bee zombie (D:5)
  7 gnolls
  2 adders
  A white imp (D:6)
  An adder skeleton (D:5)
  11 orcs
  7 endoplasms
  5 giant cockroaches
  7 goblins
  6 hobgoblins
  9 jackals
  11 kobolds
  2 ball pythons (D:2)
  5 bats
  4 frilled lizards
  5 rats
97 creatures vanquished.

Vanquished Creatures (others)
  An orc wizard (D:4)
1 creature vanquished.

Grand Total: 98 creatures vanquished

Notes
Turn   | Place    | Note
-------+----------+-------------------------------------------
     0 | D:1      | Demosthentine the Merfolk Gladiator began the quest for the
                  | Orb.
     0 | D:1      | Reached XP level 1. HP: 16/16 MP: 1/1
   481 | D:1      | Reached XP level 2. HP: 10/23 MP: 2/2
  1098 | D:1      | Found a faded altar of an unknown god.
  1349 | D:2      | Reached XP level 3. HP: 25/28 MP: 3/3
  1528 | D:2      | Reached skill level 5 in Polearms
  2125 | D:3      | Reached skill level 1 in Armour
  2131 | D:3      | Reached XP level 4. HP: 28/35 MP: 4/4
  2203 | D:3      | Found Ecrockac's Assorted Antiques.
  2211 | D:3      | Bought a scroll labelled AMMOIC AXTIQUN for 25 gold pieces
  2211 | D:3      | Bought a scroll labelled GOD FAPHORENN for 25 gold pieces
  2614 | D:3      | You fall into a shaft and drop 1 floor!
  2645 | D:4      | Reached skill level 5 in Dodging
  2990 | D:3      | Bought a scroll labelled TIUQOS CASCH for 25 gold pieces
  3110 | D:4      | Noticed an ice beast
  3122 | D:4      | Killed an ice beast
  3123 | D:4      | Reached XP level 5. HP: 26/42 MP: 5/5
  3419 | D:4      | Reached skill level 6 in Polearms
  3419 | D:4      | Reached XP level 6. HP: 27/48 MP: 6/6
  4454 | D:5      | Entered Level 5 of the Dungeon
  4501 | D:5      | Found a stormy altar of Qazlal.
  5451 | D:4      | Reached XP level 7. HP: 46/55 MP: 7/7
  5634 | D:5      | Found a broken altar of Ashenzari.
  5648 | D:5      | Noticed Blork the orc
  5662 | D:5      | Killed Blork the orc
  5882 | D:5      | Reached skill level 7 in Polearms
  7076 | D:6      | Reached skill level 5 in Fighting
  7103 | D:6      | HP: 2/56 [sky beast (6)]
  7566 | D:5      | Slain by a wight

Illustrated notes

Levels and vault maps discovered:
D:1:      sevenhm_arrival_forest_fort_small_1, layout_basic,
          dreamdust_ecumenical_altar_grove
D:2:      layout_basic
D:3:      layout_basic, serial_shops, nicolae_shop_overgrown_old_shop
D:4:      layout_layer_cave
D:5:      layout_gridville, grunt_qazlal_clouds, kennysheep_little_box,
          uniq_blork_the_orc
D:6:      layout_cave_pods, minmay_crystal_room

Skill      XL: |  1  2  3  4  5  6  7 |
---------------+----------------------+-----
Polearms       | 5 6 7 |  7.6
Fighting       | 3 4 5 |  5.2
Armour         | 1 2 3 |  3.0
Dodging        | 5 6 |  6.9
Throwing       | |  2.0

Action                   |  1- 3 |  4- 6 |  7- 9 || total
-------------------------+-------+-------+-------++-------
Melee: Trident           |   145 |   199 |   110 ||   454
Throw: Throwing net      |       |     1 |     2 ||     3
       Dart              |       |       |     1 ||     1
  Use: Scroll            |     5 |     4 |     1 ||    10
       Potion            |       |     2 |     1 ||     3
 Stab: Sleeping          |     1 |       |       ||     1
       Distracted        |     1 |       |       ||     1
       Held in net/web   |       |     2 |       ||     2
Armor: Leather armour    |    37 |    43 |    15 ||    95
Dodge: Dodged            |    79 |   134 |    63 ||   276

Table legend: (Time is in decaauts)
 A = Elapsed time spent in this place.
 B = Non-inter-level travel time spent in this place.
 C = Inter-level travel time spent in this place.
 D = Time resting spent in this place.
 E = Time spent auto-exploring this place.
 F = Levels seen in this place.
 G = Mean time per level.
                   A        B        C        D        E       F      G
               +--------+--------+--------+--------+--------+-----+--------+
         Total |   7551 |   7407 |    144 |    271 |   6289 |   6 | 1258.5 |
       Dungeon |   7551 |   7407 |    144 |    271 |   6289 |   6 | 1258.5 |
               +--------+--------+--------+--------+--------+-----+--------+

Top non-repeatable levels by time:
     D:4: 1971 daAuts
     D:5: 1802 daAuts
     D:1: 1276 daAuts
     D:6: 1024 daAuts
     D:2: 849 daAuts
     D:3: 626 daAuts
